 Dungeon Crawl Stone Soup version 0.18.1-8-gdd0e5ea (webtiles) character file.

105 nikopol the Skirmisher (level 4, 0/41 HPs)
             Began as a Minotaur Berserker on May 29, 2016.
             Was a Believer of Trog.
             Slain by Natasha (2 damage)
             ... on level 2 of the Dungeon.
             The game lasted 00:03:03 (1289 turns).

nikopol the Skirmisher (Minotaur Berserker)         Turns: 1289, Time: 00:03:03

Health: 0/41       AC:  6    Str: 21    XL:     4   Next: 54%
Magic:  3/3        EV: 11    Int:  4    God:    Trog [**....]
Gold:   84         SH:  0    Dex: 11    Spells: 0 memorised, 3 levels left

rFire  . . .     SeeInvis .     a - +0 spear
rCold  . . .     Gourm    .     e - +0 ring mail
rNeg   . . .     Faith    .     (no shield)
rPois  .         Spirit   .     (helmet restricted)
rElec  .         Dismiss  .     r - +0 cloak
rCorr  .         Reflect  .     (no gloves)
SustAt .         Harm     .     (no boots)
MR     .....                    (no amulet)
Stlth  +.........               (no ring)
                                (no ring)

@: exhausted, drained, not resistant to hostile enchantments, very unstealthy
A: retaliatory headbutt, horns 2
a: Berserk, Trog's Hand, Burn Spellbooks, Renounce Religion


You were on level 2 of the Dungeon.
You worshipped Trog.
Trog was pleased with you.
You were not hungry.

You visited 1 branch of the dungeon, and saw 2 of its levels.

You collected 84 gold pieces.

Inventory:

Hand Weapons
 a - a +0 spear (weapon)
Armour
 b - a +0 animal skin
 e - a +0 ring mail (worn)
 r - a +0 cloak (worn)
Scrolls
 f - a scroll of enchant weapon {unknown}
 g - 2 scrolls of recharging {unknown}
 h - 2 scrolls of enchant armour {unknown}
 i - 2 scrolls of blinking {unknown}
 j - a scroll of identify {unknown}
 k - a scroll of magic mapping {unknown}
 l - 2 scrolls of remove curse {unknown}
Potions
 d - 3 potions of haste {unknown}
 o - a potion of ambrosia {unknown}
 p - a potion of cure mutation {unknown}
 q - a potion of lignification {unknown}
Comestibles
 c - 2 bread rations
 m - a slice of pizza


   Skills:
 + Level 4.5(3.8) Fighting
 + Level 4.4(3.7) Polearms
 + Level 3.4(2.7) Armour
 + Level 3.2(2.6) Dodging


You had 3 spell levels left.
You didn't know any spells.

Dungeon Overview and Level Annotations

Branches:
Dungeon (2/15)

Altars:

Annotations:
D:2 Natasha


Innate Abilities, Weirdness & Mutations

You reflexively headbutt those who attack you in melee.
You have a pair of horns on your head.


Message History

Natasha hisses angrily.
Natasha stares at you and mumbles some strange words.
The magic dart hits you!
* * * LOW HITPOINT WARNING * * *
You are too injured to fight recklessly!
You are too injured to fight recklessly!
You are too injured to fight recklessly!
You are too injured to fight recklessly!
You are too injured to fight recklessly!
You're too exhausted to go berserk.
Natasha claws you.
* * * LOW HITPOINT WARNING * * *
All of the chunks of flesh in your inventory have rotted away.
You hit Natasha.
Natasha is lightly wounded.
Natasha closely misses you.
You closely miss Natasha.
Natasha is lightly wounded.
Natasha claws you.
You die...

#...........[...# ##
#...............# .#
#..........<....# #### .#
#...............# #..# .#
##.............####..#
^#####.....)†..[.####...#
..........#.#######...#.#
##..###........####)###.#
##.#...###.##.h@...###.#
##..........###.(......#####..
##..##.#..##...(.#####.........
...###.#.####.......###......##
.####....# #.#####...########
###.....## #.# #.### #.##..#
#.#####.# ###.##..#
###.##....####♣♣ ## ....##..#
#......##...#..♣♣ ♣♣#.


You could see Natasha.

Vanquished Creatures
  Crazy Yiuf (D:2)
  Natasha (D:2)
  Robin (D:2)
  2 dart slugs
  A giant gecko (D:2)
  14 goblins
  7 hobgoblins
  A quokka (D:2)
  2 bats
  A giant newt (D:1)
  4 kobolds
  A rat (D:1)
36 creatures vanquished.

Notes
Turn   | Place    | Note
--------------------------------------------------------------
     0 | D:1      | nikopol the Minotaur Berserker began the quest for the Orb.
     0 | D:1      | Reached XP level 1. HP: 19/19 MP: 0/0
   289 | D:1      | Reached XP level 2. HP: 24/27 MP: 1/1
   709 | D:2      | Noticed Natasha
   718 | D:2      | Killed Natasha
   718 | D:2      | Reached XP level 3. HP: 7/33 MP: 2/2
  1066 | D:2      | Noticed Robin
  1079 | D:2      | Reached ** piety under Trog
  1083 | D:2      | Killed Robin
  1083 | D:2      | Reached XP level 4. HP: 40/40 MP: 3/3
  1237 | D:2      | Noticed Crazy Yiuf
  1246 | D:2      | Killed Crazy Yiuf
  1283 | D:2      | Noticed Natasha
  1287 | D:2      | HP: 1/41 [Natasha (6)]
  1289 | D:2      | Slain by Natasha

Skill      XL: |  1  2  3  4 |
---------------+-------------+-----
Fighting       | 4 |  4.5
Polearms       | 4 |  4.4
Armour         | 3 |  3.4
Dodging        | 3 |  3.2

Action                   |  1- 3 |  4- 6 || total
-------------------------+-------+-------++-------
Melee: Spear             |    70 |    18 ||    88
       Headbutt          |    12 |       ||    12
Invok: Berserk           |     1 |     1 ||     2
  Eat: Chunk             |       |     3 ||     3
Armor: Ring mail         |    16 |     2 ||    18
Dodge: Dodged            |    30 |     6 ||    36
